 Dungeon Crawl Stone Soup version 0.17-a0-2073-gde5cdba (webtiles) character file.

407 evilmojo the Ducker (level 6, -8/61 HPs)
             Began as a Troll Fighter on Oct 15, 2015.
             Mangled by a gnoll
             ... wielding a +0 halberd
              (14 damage)
             ... on level 5 of the Dungeon.
             The game lasted 00:16:33 (2665 turns).

evilmojo the Ducker (Troll Fighter)                 Turns: 2665, Time: 00:16:34

Health: -8/61      AC:  3    Str: 27    XL:     6   Next: 57%
Magic:  5/5        EV:  9    Int:  4    God:
Gold:   225        SH:  9    Dex:  9    Spells: 0 memorised, 5 levels left

rFire  . . .     SeeInvis .     u - +1 dagger (freeze)
rCold  . . .     Clarity  .     (armour restricted)
rNeg   . . .     SustAt   .     c - +0 shield
rPois  .         Gourm    +     (helmet restricted)
rElec  .         Spirit   .     (no cloak)
rCorr  .         Warding  .     (gloves unavailable)
rMut   .         Stasis   .     (boots unavailable)
MR     .....                    (no amulet)
Stlth  +.........               (no ring)
                                (no ring)

@: not resistant to hostile enchantments, very unstealthy
A: unfitting armour, claws 3, fast metabolism 3, gourmand, regeneration 2,
shaggy fur 1, tough skin 2
a: no special abilities


You were on level 5 of the Dungeon.
You were not hungry.

You visited 1 branch of the dungeon, and saw 5 of its levels.

You collected 225 gold pieces.

Inventory:

Hand Weapons
 a - a +0 war axe
 e - a +0 short sword
 g - a +0 dagger
 i - a +0 club
 j - a +0 whip
 l - a +0 club
 t - a +0 club
 u - a +1 dagger of freezing (weapon)
 z - a +0 short sword
 B - a cursed -3 club
 C - a +2 spear of flaming
 F - a +0 club
 G - a +0 falchion
 K - a +2 flail of protection
 N - a +0 short sword
 Z - a +0 giant club
Missiles
 f - 17 stones (quivered)
 h - 5 large rocks
 m - 11 bolts of penetration
 r - 10 poisoned needles
 w - 50 sling bullets
 x - 16 bolts of flame
 A - 49 arrows
Armour
 b - a +0 robe
 c - a +0 shield (worn)
 k - a +0 helmet
 o - a +0 leather armour
 v - a +0 leather armour
 L - a +0 leather armour
 P - a +0 chain mail
 Q - the cursed +1 plate armour of Vuyzxuby {-Cast rElec MR++ Int+4}
   (You found it on level 4 of the Dungeon)

   It affects your intelligence (+4).
   It insulates you from electricity.
   It affects your resistance to hostile enchantments.
   It prevents spellcasting.
   It has a curse placed upon it.
 U - a +0 scale mail
 X - the cursed +1 ring mail of Misanthropy {*Corrode Str+7 Dex+3, unknown}
   (You found it on level 5 of the Dungeon)

   It affects your strength (+7).
   It affects your dexterity (+3).
   It may corrode your equipment when you take damage.
   It has a curse placed upon it.
Jewellery
 J - a cursed -2 ring of protection {unknown}
 V - a cursed amulet of inaccuracy {unknown}
Wands
 n - a wand of disintegration (11)
Scrolls
 q - 3 scrolls of recharging
 y - a scroll of remove curse {unknown}
 D - a scroll of random uselessness {unknown}
 M - a scroll of immolation {unknown}
Potions
 d - 2 potions of might
 p - 2 potions of curing {unknown}
 E - a potion of heal wounds {unknown}
 H - a potion of poison {unknown}
 I - a potion of lignification {unknown}
 O - a potion of magic {unknown}
 T - a potion of brilliance {unknown}
Books
 S - a book of Necromancy

   Spells                             Type                      Level
   a - Pain                           Necromancy                   1
   b - Animate Skeleton               Necromancy                   1
   c - Vampiric Draining              Necromancy                   3
   d - Regeneration                   Charms/Necromancy            3
   e - Animate Dead                   Necromancy                   4
   f - Control Undead                 Necromancy                   4
Comestibles
 s - 3 meat rations
 W - a bread ration
 Y - 2 slices of pizza


   Skills:
 + Level 3.1 Fighting
 + Level 2.5 Axes
 + Level 4.5 Dodging
 + Level 0.1 Stealth
 + Level 3.8 Shields


You had 5 spell levels left.
You didn't know any spells.

Dungeon Overview and Level Annotations

Branches:
Dungeon (5/15)
 Temple: D:4-7

Altars:


Innate Abilities, Weirdness & Mutations

You are too large for most types of armour.
You have claws for hands.
Your metabolism is lightning-fast.
You like to eat raw meat.
You heal very quickly.
You are covered in fur (AC +1).
You have very tough skin (AC +2).


Message History

The gnoll is moderately wounded.
You block the gnoll's attack. x3
You hit the gnoll. You freeze the gnoll.
The gnoll is almost dead.
You block the gnoll's attack. The gnoll hits you with a flail.
The gnoll hits you from afar with a halberd!
You closely miss the gnoll.
The gnoll is almost dead.
The gnoll hits you from afar with a spear!
* * * LOW HITPOINT WARNING * * *
The gnoll barely misses you.
You closely miss the gnoll.
The gnoll is almost dead.
The gnoll completely misses you. The gnoll barely misses you.
The gnoll hits you with a flail!
* * * LOW HITPOINT WARNING * * *
You hit the gnoll. You freeze the gnoll.
You kill the gnoll!
The gnoll hits you from afar with a halberd!
You die...

#.# *,,,,,,,,,,>,,,,,,,*,* #.#
#.###***********,***** #######.#
#.#..,,,,,,,,,,,,,,,,, ......#.#
#.#.#***######**,****, ........#
#.#.#,,,...[.# *,*,,*,
..[##.######.#.#,,,.....##*,*,,*,
.#.#.......#.#.#,,,.......,,,,,*,
.#.#..####.#.#.####....#.#*,*,**,
.#.#..##........@)g.......,,,,,,,
.#.#..############g...(#..,,,,***
...#...,,,,,,* #.....#,,,,,**
...#+###****,* #.....#*,,,,,*
.......,* *,* #.#####*****,*
.......,* *,****#.# *,* .......,*
#.#..,..# ***,* ...#.##**
#.#.##### *,,,* .#.#.# #....#
#######*****


You could see 2 gnolls.

Vanquished Creatures
  An ogre (D:5)
  A crimson imp (D:5)
  3 orc wizards (D:5)
  A hound (D:5)
  A worker ant (D:4)
  6 adders
  2 gnolls (D:5)
  An ooze (D:5)
  A worm (D:3)
  A giant gecko (D:1)
  2 orcs
  2 ball pythons
  3 goblins
  9 hobgoblins
  16 jackals
  7 kobolds
  2 quokkas
  3 bats
  A giant gecko skeleton (D:4)
  2 giant newts
  A jackal skeleton (D:5)
  A quokka zombie (D:5)
  6 rats
73 creatures vanquished.

Notes
Turn   | Place    | Note
--------------------------------------------------------------
     0 | D:1      | evilmojo the Troll Fighter began the quest for the Orb.
     0 | D:1      | Reached XP level 1. HP: 22/22 MP: 0/0
    81 | D:1      | Reached XP level 2. HP: 17/29 MP: 1/1
   726 | D:2      | Reached XP level 3. HP: 31/36 MP: 2/2
   940 | D:2      | Reached skill level 3 in Dodging
  1100 | D:2      | Reached XP level 4. HP: 44/44 MP: 3/3
  1857 | D:4      | Got a fine plate armour
  1974 | D:5      | Entered Level 5 of the Dungeon
  1984 | D:5      | Reached XP level 5. HP: 40/52 MP: 4/4
  2279 | D:5      | Reached skill level 4 in Dodging
  2285 | D:5      | Reached XP level 6. HP: 25/61 MP: 5/5
  2368 | D:5      | Got a shimmering ring mail
  2445 | D:5      | Noticed an ogre
  2459 | D:5      | Killed an ogre
  2491 | D:5      | Identified the cursed +1 plate armour of Vuyzxuby {-Cast rElec MR++ Int+4} (You found it on level 4 of the Dungeon)
  2665 | D:5      | Mangled by a gnoll

Vault maps used:
D:1:      minmay_arrival_open_corners
D:2:      first_bread, patterned_corridor
D:3:      nicolae_tso_swordbearing_angel
D:5:      minivault_5

Action                   |  1- 3 |  4- 6 || total
-------------------------+-------+-------++-------
Melee: War axe           |   122 |   139 ||   261
       Dagger            |       |    48 ||    48
  Use: Scroll            |       |     7 ||     7
  Eat: Bread ration      |     2 |     1 ||     3
       Meat ration       |       |     2 ||     2
